 Dungeon Crawl Stone Soup version 0.31.0-32-g396128a36d (webtiles) character file.

Game seed: 791683537123378088

354 Vila42 the Prestidigitator (level 6, -4/44 HPs)
             Began as a Gnoll Wanderer on Apr 10, 2024.
             Splashed by a jelly's acid (9 damage)
             ... on level 3 of the Dungeon.
             The game lasted 00:09:25 (4487 turns).

Vila42 the Prestidigitator (Gnoll Wanderer)         Turns: 4487, Time: 00:09:27

Health: -4/44      AC: -7    Str: 13    XL:     6   Next: 62%
Magic:  12/16      EV: 11    Int: 12    God:
Gold:   162        SH:  0    Dex: 23    Spells: 14/20 levels left

rFire   + . .        r - +1 dagger
rCold   . . .        (no shield)
rNeg    . . .        f - +2 ring mail {rF+}
rPois   .            (no helmet)
rElec   .            p - scarf {repulsion}
rCorr   .            (no gloves)
SInv    .            (no boots)
Will    .....        (no amulet)
Stlth   ++           e - +6 ring of dexterity
HPRegen 0.27/turn    m - +6 ring of dexterity
MPRegen 0.15/turn

%: repel missiles
@: corroded
A: fangs 1, strong nose, distributed training
a: no special abilities


You were on level 3 of the Dungeon.
You visited 1 branch of the dungeon, and saw 4 of its levels.

You collected 162 gold pieces.

Inventory:

Hand Weapons
 r - a +1 dagger (weapon)
Armour
 f - a +2 ring mail of fire resistance (worn)
 p - a scarf of repulsion (worn)
Magical Staves
 s - a staff of fire
Jewellery
 e - a +6 ring of dexterity (left hand)
 h - the ring of Odonuweu {Fire rCorr Int+4}
   (You found it on level 3 of the Dungeon)

   [ring of fire]

   Fire:      It enhances your fire magic.
   Int+4:     It affects your intelligence (+4).
   rF+:       It protects you from fire.
   rC-:       It makes you vulnerable to cold.
   rCorr:     It protects you from acid and corrosion.
 m - a +6 ring of dexterity (right hand)
Scrolls
 a - a scroll of vulnerability
 b - a scroll of teleportation
 c - 2 scrolls of silence
 k - a scroll of enchant weapon
Potions
 i - a potion of heal wounds
 j - a potion of mutation {unknown}
 l - 2 potions of magic
 n - a potion of haste {unknown}
 o - a potion of enlightenment {unknown}
 q - a potion of invisibility {unknown}
Miscellaneous
 d - a phial of floods


   Skills:
 + Level 2.1 Fighting
 + Level 2.1 Short Blades
 + Level 2.1 Long Blades
 + Level 2.1 Axes
 + Level 2.1 Maces & Flails
 + Level 2.1 Polearms
 + Level 2.1 Staves
 + Level 2.1 Ranged Weapons
 + Level 2.1 Throwing
 + Level 5.0 Armour
 + Level 2.1 Dodging
 + Level 2.1 Stealth
 + Level 2.1 Shields
 + Level 2.1 Unarmed Combat
 + Level 7.5 Spellcasting
 + Level 1.7 Conjurations
 + Level 1.7 Hexes
 + Level 1.7 Summonings
 + Level 1.7 Necromancy
 + Level 1.7 Translocations
 + Level 1.7 Fire Magic
 + Level 1.7 Ice Magic
 + Level 1.7 Air Magic
 + Level 1.7 Earth Magic
 + Level 2.7 Alchemy
 + Level 2.3 Invocations
 + Level 8.8 Evocations
 + Level 1.9 Shapeshifting


You had 14 spell levels left.
You knew the following spells:

 Your Spells              Type           Power      Damage    Failure   Level
a - Sting                 Conj/Alch      36%        1d5       12%         1
b - Blink                 Tloc           16%        N/A       22%         2
c - Mephitic Cloud        Conj/Alch/Air  9%         N/A       36%         3

Your spell library contained the following spells:

 Spells                   Type           Power      Damage    Failure   Level
 Magic Dart               Conj           32%        1d4       16%         1
 Mercury Vapours          Alch/Air       18%        N/A       19%         2
 Call Imp                 Summ           16%        N/A       22%         2
 Gell's Gravitas          Tloc           8%         N/A       41%         3
 Teleport Other           Tloc           8%         N/A       41%         3
 Olgreb's Toxic Radiance  Alch           11%        N/A       69%         4
 Dispersal                Tloc           4%         N/A       100%        6


Dungeon Overview and Level Annotations

Branches:
Dungeon (4/15)
 Temple: D:4-7

Altars:

Annotations:
D:3 Ijyb
D:4 Grinder, Pikel


Innate Abilities, Weirdness & Mutations

You have very sharp teeth.
Your uncanny sense of smell can sniff out nearby items.
Your experience applies equally to all skills.


Message History

The sting hits Ijyb but does no damage.
Ijyb looks even sicker.
Casting: Sting (safe; 12% risk of failure)
Confirm with . or Enter, or press ? or * to list all spells.
Aiming: Sting (safe; 12% risk of failure)
Press: ? - help, Shift-Dir - straight line, f/p - Ijyb
Aim: Ijyb, wielding a +0 dagger, wearing a +0 leather armour and carrying a wand of paralysis (lightly wounded, very poisoned, 60% to hit)
The sting misses Ijyb.
A howler monkey comes into view.
The jelly hits you but does no damage. The jelly misses you.
Ijyb hits you with a +0 dagger.
Your magical contamination has completely faded away.
You climb upwards.
There is a stone staircase leading down here.
Unknown command.
The jelly attacks as it pursues you! The jelly hits you. The acid corrodes you!
You are splashed with acid.
The jelly attacks as it pursues you! The jelly hits you but does no damage.
Okay, then.
You hit the jelly.
Your hands burn!
You bite the jelly, but do no damage.
The jelly is lightly wounded.
The jelly barely misses you.
You hit the jelly.
Your hands burn!
The jelly is lightly wounded.
The jelly hits you but does no damage.
You barely miss the jelly.
The jelly is lightly wounded.
You hit the jelly.
Your hands burn!
The jelly is moderately wounded.
The jelly hits you. The acid corrodes you!
You are splashed with acid!
You hit the jelly. The acid corrodes you!
Your hands burn!
The jelly is heavily wounded.
The jelly hits you. The acid corrodes you!
You are splashed with acid!
* * * LOW HITPOINT WARNING * * *
You hit the jelly.
Your hands burn!
* * * LOW HITPOINT WARNING * * *
The jelly is severely wounded.
The jelly hits you.
* * * LOW HITPOINT WARNING * * *
You are splashed with acid!
You die...

######.........#########
.......................#
######.###.....#######.#
#.....###.#######.# #..##.#
#...).....# ###..##.###.######..#
#....##......g# #).#######
#.<..##.##.>#J# #........#
#....##.<...#@#####.#####.#
####..........##.#.....# #.#
.#.................##### #.#
.#.#....<..####..#.# #.#
.#.#.......####..#.#########.####
.#.#.............................
...........#######.##############
##......####.....(.# ###[##.#
#.#####.#


You could see Ijyb (poisoned) and a jelly.

Vanquished Creatures
  A lemure (D:3)
  A bombardier beetle (D:3)
  An orc priest (D:2)
  2 iguanas (D:4)
  An orc wizard (D:3)
  14 adders
  A dart slug (D:4)
  2 ribbon worms
  9 orcs
  7 ball pythons
  11 endoplasms
  2 giant cockroaches
  A goblin (D:3)
  5 hobgoblins
  3 quokkas (D:1)
  5 bats
  4 frilled lizards
  4 kobolds (D:2)
  2 rats (D:2)
76 creatures vanquished.

Notes
Turn   | Place    | Note
-------+----------+-------------------------------------------
     0 | D:1      | Vila42 the Gnoll Wanderer began the quest for the Orb.
     0 | D:1      | Vila42 set off with the following items: a +0 club, a +0
                  | ring mail, a scroll of silence, a phial of floods; and the
                  | following spell memorised: Sting; and the following spells
                  | available to memorise: Mephitic Cloud.
     0 | D:1      | Reached XP level 1. HP: 13/13 MP: 8/8
   373 | D:1      | Reached XP level 2. HP: 19/19 MP: 7/10
   755 | D:1      | Found a faded altar of an unknown god.
  1320 | D:2      | Reached XP level 3. HP: 25/25 MP: 11/11
  1391 | D:2      | Reached skill level 1 in Invocations
  1420 | D:2      | Reached skill level 1 in Fighting
  1420 | D:2      | Reached skill level 1 in Short Blades
  1420 | D:2      | Reached skill level 1 in Long Blades
  1420 | D:2      | Reached skill level 1 in Axes
  1420 | D:2      | Reached skill level 1 in Maces & Flails
  1420 | D:2      | Reached skill level 1 in Polearms
  1420 | D:2      | Reached skill level 1 in Staves
  1420 | D:2      | Reached skill level 1 in Ranged Weapons
  1420 | D:2      | Reached skill level 1 in Throwing
  1420 | D:2      | Reached skill level 1 in Dodging
  1420 | D:2      | Reached skill level 1 in Stealth
  1420 | D:2      | Reached skill level 1 in Shields
  1420 | D:2      | Reached skill level 1 in Unarmed Combat
  1420 | D:2      | Reached skill level 1 in Shapeshifting
  1420 | D:2      | Reached XP level 4. HP: 26/32 MP: 5/13
  1542 | D:2      | Reached skill level 1 in Conjurations
  1542 | D:2      | Reached skill level 1 in Hexes
  1542 | D:2      | Reached skill level 1 in Summonings
  1542 | D:2      | Reached skill level 1 in Necromancy
  1542 | D:2      | Reached skill level 1 in Translocations
  1542 | D:2      | Reached skill level 1 in Fire Magic
  1542 | D:2      | Reached skill level 1 in Ice Magic
  1542 | D:2      | Reached skill level 1 in Air Magic
  1542 | D:2      | Reached skill level 1 in Earth Magic
  1850 | D:2      | Reached XP level 5. HP: 37/37 MP: 14/14
  2475 | D:3      | Reached XP level 6. HP: 37/44 MP: 16/16
  2617 | D:3      | Identified the ring of Odonuweu {Fire rCorr Int+4}
  3024 | D:3      | Learned a level 2 spell: Blink
  3028 | D:3      | Learned a level 3 spell: Mephitic Cloud
  3159 | D:3      | Reached skill level 5 in Armour
  3571 | D:4      | Noticed Grinder
  3589 | D:4      | Paralysed by Grinder for 2 turns
  4208 | D:4      | Noticed Pikel
  4209 | D:4      | Noticed a black bear
  4469 | D:4      | Noticed Ijyb
  4487 | D:3      | Splashed by a jelly's acid

Illustrated notes

Levels and vault maps discovered:
D:1:      lightli_arrival_noodles, layout_loops_corners,
          hellmonk_ecumenical_altar_lost_god, nicolae_houndstooth_variations
D:2:      layout_loops_ring, minmay_snake_closets
D:3:      layout_loops_ring, kennysheep_donut
D:4:      layout_cave_pools, eat_drink_and_be_merry_uskayaw, uniq_pikel,
          uniq_grinder, uniq_ijyb

Skill      XL: |  1  2  3  4  5  6 |
---------------+-------------------+-----
Alchemy        | 2 |  2.7
Invocations    | 1 2 |  2.3
Fighting       | 1 2 |  2.1
Short Blades   | 1 2 |  2.1
Long Blades    | 1 2 |  2.1
Axes           | 1 2 |  2.1
Maces & Flails | 1 2 |  2.1
Polearms       | 1 2 |  2.1
Staves         | 1 2 |  2.1
Ranged Weapons | 1 2 |  2.1
Throwing       | 1 2 |  2.1
Dodging        | 1 2 |  2.1
Stealth        | 1 2 |  2.1
Shields        | 1 2 |  2.1
Unarmed Combat | 1 2 |  2.1
Shapeshifting  | 1 |  1.9
Conjurations   | 1 |  1.7
Hexes          | 1 |  1.7
Summonings     | 1 |  1.7
Necromancy     | 1 |  1.7
Translocations | 1 |  1.7
Fire Magic     | 1 |  1.7
Ice Magic      | 1 |  1.7
Air Magic      | 1 |  1.7
Earth Magic    | 1 |  1.7
Armour         | 5 |  5.0
Spellcasting   | |  7.5
Evocations     | |  8.8

Action                     |  1- 3 |  4- 6 || total
---------------------------+-------+-------++-------
  Melee: Club              |    53 |       ||    53
         Bite              |     8 |    37 ||    45
         Short sword       |    22 |    51 ||    73
         Punch             |     1 |     9 ||    10
         Dagger            |       |   252 ||   252
   Cast: Sting             |    19 |    31 ||    50
    Use: Scroll            |       |     8 ||     8
   Stab: Sleeping          |     1 |     5 ||     6
         Distracted        |     1 |       ||     1
 Armour: Ring mail         |    59 |   214 ||   273
  Dodge: Dodged            |    46 |   187 ||   233
         Repelled          |       |     1 ||     1
